 Dungeon Crawl Stone Soup version 0.24.0-125-gc4c63601f3 (webtiles) character file.

Game seed: 13664779248563531692, levelgen mode: deterministic

81 Frank2 the Cudgeler (level 4, 0/34 HPs)
             Began as a Demonspawn Gladiator on Mar 4, 2020.
             Slain by Ijyb (4 damage)
             ... on level 3 of the Dungeon.
             The game lasted 00:02:24 (1714 turns).

Frank2 the Cudgeler (Demonspawn Gladiator)          Turns: 1714, Time: 00:02:25

Health: 0/34       AC:  5    Str: 14    XL:     4   Next: 20%
Magic:  4/4        EV: 13    Int:  9    God:
Gold:   53         SH:  0    Dex: 16    Spells: 3/3 levels left

rFire    . . .     SeeInvis .   a - +0 flail
rCold    . . .     Gourm    .   (no shield)
rNeg     . . .     Faith    .   b - +1 leather armour
rPois    .         Spirit   .   (helmet restricted)
rElec    .         Reflect  .   h - +0 cloak
rCorr    .         Harm     .   (no gloves)
MR       .....                  (no boots)
Stlth    ++........             (no amulet)
HPRegen  0.11/turn              (no ring)
MPRegen  0.09/turn              (no ring)

@: no status effects
A: horns 1, nightstalker 1
a: no special abilities


You were on level 3 of the Dungeon.
You were hungry.

You visited 1 branch of the dungeon, and saw 3 of its levels.

You collected 53 gold pieces.

Inventory:

Hand Weapons
 a - a +0 flail (weapon)
Armour
 b - a +1 leather armour (worn)
 h - a +0 cloak (worn)
Scrolls
 c - a scroll of enchant weapon {unknown}
 d - a scroll of remove curse
 e - a scroll of teleportation
Potions
 g - a potion of degeneration
 i - a potion of resistance
 j - a potion of flight
 l - a potion of agility {unknown}
 m - a potion of magic {unknown}
 n - 2 potions of mutation {unknown}
Comestibles
 f - 6 rations


   Skills:
 + Level 2.5 Fighting
 + Level 3.4 Maces & Flails
 - Level 1.7 Throwing
 + Level 1.1 Armour
 + Level 3.4 Dodging


You had 3 spell levels left.
You didn't know any spells.
Your spell library was empty.

Dungeon Overview and Level Annotations

Branches:
Dungeon (3/15)

Altars:
Trog

Annotations:
D:3 Ijyb


Innate Abilities, Weirdness & Mutations

You have a pair of small horns on your head.
You are slightly more attuned to the shadows.


Message History

* * * LOW HITPOINT WARNING * * *
The giant cockroach misses you.
The jackal bites you but does no damage.
The jackal bites you.
* * * LOW HITPOINT WARNING * * *
Ijyb misses you. The jackal barely misses you.
The giant cockroach bites you but does no damage.
You barely miss Ijyb. Your headbutt misses Ijyb.
Ijyb is moderately wounded.
The jackal closely misses you. The jackal misses you.
The jackal bites you but does no damage.
Ijyb hits you but does no damage. The giant cockroach misses you.
The jackal bites you but does no damage.
The jackal misses you. The jackal closely misses you.
You barely miss Ijyb. You headbutt Ijyb, but do no damage.
Ijyb is moderately wounded.
The jackal barely misses you. The jackal closely misses you.
The giant cockroach bites you but does no damage.
The jackal closely misses you. Ijyb hits you.
You die...

......#..+ ....#
......#.## ..$.#
##+##...## #...#
#.......####...#
#######.#......#
#.'......#
###....†.#
#^....h#####..
#<....h@s.....
#...##hg.....#
#...##.......#
#...##.......#
######.......#
#.......#
#########


You could see Ijyb, 3 jackals and a giant cockroach.

Vanquished Creatures
  4 adders
  A leopard gecko (D:2)
  2 giant cockroaches
  9 goblins
  A hobgoblin (D:2)
  8 jackals
  A quokka (D:2)
  2 ball pythons
  7 bats
  A frilled lizard (D:2)
  4 rats
40 creatures vanquished.

Vanquished Creatures (others)
  A jackal (D:3)
1 creature vanquished.

Grand Total: 41 creatures vanquished

Notes
Turn   | Place    | Note
-------+----------+-------------------------------------------
     0 | D:1      | Frank2 the Demonspawn Gladiator began the quest for the
                  | Orb.
     0 | D:1      | Reached XP level 1. HP: 16/16 MP: 1/1
   133 | D:1      | Gained mutation: You have a pair of small horns on your
                  | head. [demonic ancestry]
   133 | D:1      | Reached XP level 2. HP: 22/22 MP: 2/2
   712 | D:2      | Reached XP level 3. HP: 6/28 MP: 3/3
  1329 | D:2      | Found a bloodstained altar of Trog.
  1443 | D:2      | Gained mutation: You are slightly more attuned to the
                  | shadows. [demonic ancestry]
  1443 | D:2      | Reached XP level 4. HP: 29/34 MP: 4/4
  1667 | D:3      | Reached skill level 1 in Armour
  1695 | D:3      | Noticed Ijyb
  1714 | D:3      | Slain by Ijyb

Levels and vault maps discovered:
D:1:      dpeg_arrival_arbitrary_b, layout_basic
D:2:      layout_basic, overflow_temple_1_default, minmay_liquid_box
D:3:      layout_basic, uniq_ijyb

Skill      XL: |  1  2  3  4 |
---------------+-------------+-----
Dodging        | 3 |  3.4
Maces & Flails | 3 |  3.4
Armour         | 1 |  1.1
Fighting       | |  2.5
Throwing       | |  1.7

Action                   |  1- 3 |  4- 6 || total
-------------------------+-------+-------++-------
Melee: Flail             |   104 |    28 ||   132
       Headbutt          |     9 |     6 ||    15
  Use: Scroll            |     1 |     7 ||     8
 Stab: Sleeping          |     2 |       ||     2
  Eat: Chunk             |     1 |     1 ||     2
Armor: Leather armour    |    30 |    40 ||    70
Dodge: Dodged            |    93 |    71 ||   164
